 Dungeon Crawl Stone Soup version 0.22-a0-571-g4a923d4 (webtiles) character file.

446 iamserjio the Shield-Bearer (level 7, 44/44 HPs)
             Began as a Gargoyle Fighter on July 1, 2018.
             Quit the game on level 4 of the Dungeon.
             The game lasted 00:06:25 (1399 turns).

iamserjio the Shield-Bearer (Gargoyle Fighter)      Turns: 1399, Time: 00:06:25

Health: 44/44      AC: 18    Str: 20    XL:     7   Next: 3%
Magic:  7/7        EV:  4    Int:  8    God:
Gold:   90         SH:  9    Dex: 11    Spells: 6/6 levels left

rFire    . . .     SeeInvis .   a - +0 war axe
rCold    . . .     Gourm    .   c - +0 shield
rNeg     + . .     Faith    .   o - +0 plate armour
rPois    ∞         Spirit   .   (no helmet)
rElec    +         Reflect  .   (no cloak)
rCorr    .         Harm     .   m - +0 pair of gloves
MR       .....                  (no boots)
Stlth    ..........             (no amulet)
HPRegen  0.14/turn              (no ring)
MPRegen  0.10/turn              (no ring)

@: no status effects
A: negative energy resistance 1, electricity resistance, unbreathing,
petrification resistance, rot immunity, AC +4
a: no special abilities


You were on level 4 of the Dungeon.
You were very hungry.

You visited 1 branch of the dungeon, and saw 5 of its levels.

You collected 90 gold pieces.

Inventory:

Hand Weapons
 a - a +0 war axe (weapon)
Missiles
 q - 7 stones (quivered)
 r - 5 steel tomahawks
Armour
 b - a +0 scale mail
 c - a +0 shield (worn)
 i - a +0 chain mail
 m - a +0 pair of gloves (worn)
 o - a +0 plate armour (worn)
Jewellery
 k - a cursed -4 ring of evasion {unknown}
Wands
 p - a wand of enslavement (14)
Scrolls
 l - a scroll of enchant weapon
Potions
 d - a potion of might
 e - a potion of degeneration {unknown}
 g - a potion of curing {unknown}
 h - a potion of mutation {unknown}
 j - a potion of brilliance {unknown}
 n - a potion of agility {unknown}
Comestibles
 f - 4 rations


   Skills:
 + Level 4.7 Fighting
 * Level 4.4 Axes
 + Level 4.7 Armour
 + Level 4.7 Shields


You had 6 spell levels left.
You didn't know any spells.
Your spell library was empty.

Dungeon Overview and Level Annotations

Branches:
Dungeon (5/15)
 Temple: D:4-7

Altars:
Zin


Innate Abilities, Weirdness & Mutations

You are resistant to torment.
Your stone body is resilient. (AC +4)
You are immune to poison.
You resist negative energy. (rN+)
You are resistant to electric shocks. (rElec)
You can survive without breathing.
You are immune to petrification.
You are immune to rotting.


Message History

Found 8 gold pieces and a ration.
Found 18 gold pieces.
Found 16 gold pieces.
Found a scroll of remove curse.
Found 7 gold pieces.
You see here 7 gold pieces.
You are feeling very hungry.
You see here a scroll of remove curse {@r2}.
You see here 18 gold pieces.
Done exploring.
Done exploring.
Done exploring.
Done exploring.
Done exploring.
Done exploring.
Done exploring.
Done exploring.
Done exploring.
Done exploring.
Are you sure you want to abandon this character and quit the game? (Confirm with "yes".)

###########
#.#.##.....##.##.#
#.##.###...#.....#
#.###.#<#.#.#.####
#.####.##.###.#
#..........##.#
######..#.....# #..###.###
##########..# #.#
#......@.#..# #.#
#.######.#..# #.# #.#
#.#..# #.# #$# #.#..# #.#
##########.#### #.#..# #.#
..............###.#.?###.#
##########.##.##.........#
.#########.##.##..#..#####
.....................#


There were no monsters in sight!

Vanquished Creatures
  A sky beast (D:5)
  A phantom (D:5)
  A scorpion (D:4)
  A hound (D:5)
  2 orc wizards (D:4)
  An iguana (D:4)
  3 gnolls (D:3)
  2 adders
  4 worms
  2 dart slugs (D:2)
  4 orcs (D:4)
  A ball python (D:1)
  2 giant cockroaches
  A goblin (D:2)
  4 hobgoblins
  3 quokkas
  A bat (D:2)
  A frilled lizard (D:4)
  4 kobolds
  A leopard gecko skeleton (D:4)
  A quokka zombie (D:5)
  4 rats
45 creatures vanquished.

Notes
Turn   | Place    | Note
-------+----------+-------------------------------------------
     0 | D:1      | iamserjio the Gargoyle Fighter began the quest for the Orb.
     0 | D:1      | Reached XP level 1. HP: 14/14 MP: 1/1
   184 | D:2      | Reached XP level 2. HP: 19/19 MP: 2/2
   419 | D:2      | Reached XP level 3. HP: 22/23 MP: 3/3
   491 | D:3      | Reached XP level 4. HP: 24/29 MP: 4/4
   707 | D:5      | Entered Level 5 of the Dungeon
   751 | D:5      | Reached XP level 5. HP: 20/33 MP: 5/5
   761 | D:5      | Noticed a phantom
   804 | D:5      | Killed a phantom
   804 | D:5      | Reached XP level 6. HP: 27/38 MP: 6/6
   815 | D:5      | Found a glowing silver altar of Zin.
   815 | D:5      | Noticed an angel
   867 | D:5      | Noticed a sky beast
   880 | D:5      | Killed a sky beast
  1038 | D:4      | Reached XP level 7. HP: 43/44 MP: 7/7
  1399 | D:4      | Quit the game

Vault maps used:
D:1:      nagdon_arrival_double_spiral, serial_glass, glass_columns_a,
          glass_columns_a, glass_columns_a, glass_columns_a, glass_columns_a,
          minmay_crystal_room
D:2:      vehumet_crystals, nrook_mini_backslash, uniq_terence
D:5:      lemuel_doored_altar, zin_angel, first_ration

Skill      XL: |  1  2  3  4  5  6 |
---------------+-------------------+-----
Axes           | 2 3 4 |  4.4
Fighting       | 4 |  4.7
Shields        | 4 |  4.7
Armour         | 4 |  4.7

Action                   |  1- 3 |  4- 6 |  7- 9 || total
-------------------------+-------+-------+-------++-------
Melee: War axe           |    58 |   145 |    13 ||   216
  Use: Potion            |     1 |       |       ||     1
       Scroll            |       |     4 |       ||     4
  Eat: Chunk             |       |       |     1 ||     1
Armor: Scale mail        |    51 |       |       ||    51
       Chain mail        |    18 |     4 |       ||    22
       Plate armour      |       |    94 |    10 ||   104
Dodge: Dodged            |    39 |    23 |     4 ||    66
Block: Shield            |    63 |    69 |     4 ||   136

Table legend:
 A = Spawn XP
 B = Non-spawn XP
 C = Spawn XP percentage of total XP
 D = Spawn monster count
 E = Non-spawn monster count
 F = Spawn count percentage of total count
 G = Total turns spent on level
                    A         B        C        D         E        F      G
               +---------+---------+-------+---------+---------+-------+---------
         Total |       0 |     638 |   0.0 |       0 |      45 |   0.0 |  1399
               +---------+---------+-------+---------+---------+-------+---------
           D:1 |       0 |       5 |   0.0 |       0 |       4 |   0.0 |   215
           D:2 |       0 |      34 |   0.0 |       0 |      14 |   0.0 |   270
           D:3 |       0 |      75 |   0.0 |       0 |      11 |   0.0 |   187
           D:4 |       0 |     203 |   0.0 |       0 |      11 |   0.0 |   550
           D:5 |       0 |     321 |   0.0 |       0 |       5 |   0.0 |   177
               +---------+---------+-------+---------+---------+-------+---------
